Map: 10000 Feet LE

Players

whitegulz - Winner!

  • Race: Zerg Zerg
  • League: Platinum
  • Spawn Location: 11:00

A.I.(極簡單)

  • Race: Terran Terran
  • Spawn Location: 5:00

VOD

Have the link to the VOD?

Description

速三流程完美版

Time

  • Played on: Nov. 23, 2025, 11:28 a.m.
  • Length: 10:28
Show
View Real Time Build Order
Export as new Build Order

whitegulz Zerg - Winner!

Build Orders: Hatch First 

Get SALT Encoding   

  12  0:01  Drone  
  13  0:08  Drone  
  14  0:21  Drone, Extractor x2  
  13  0:22  Drone  
  16  0:42  Hatchery  
  16  0:47  Extractor x2  
  16  0:48  Drone  
  16  0:53  Overlord  
  16  1:11  Drone x3  
  19  1:25  Spawning Pool, Extractor  
  17  1:34  Drone x2  
  19  1:45  Overlord  
  19  1:56  Drone x2  
  21  2:10  Drone  
  21  2:12  Zergling x2  
  21  2:14  Queen  
  21  2:15  Queen  
  25  2:16  Zergling x2  
  28  2:27  Hatchery  
  27  2:32  Metabolic Boost  
  27  2:39  Drone x2  
  29  2:44  Zergling x2  
  29  2:45  Zergling x2  
  29  2:48  Drone  
  32  2:51  Overlord  
  32  3:01  Queen  
  34  3:13  Pneumatized Carapace  
  34  3:14  Drone  
  34  3:15  Drone x2  
  34  3:16  Drone  
  38  3:24  Drone  
  38  3:25  Drone  
  40  3:30  Drone  
  40  3:31  Drone x3  
  45  3:41  Drone x2  
  45  3:42  Drone  
  47  3:49  Overlord x2  
  47  3:50  Overlord  
  47  3:54  Spore Crawler  
  46  4:03  Extractor  
  46  4:05  Spore Crawler, Extractor  
  46  4:06  Roach Warren  
  46  4:07  Spore Crawler  
  41  4:15  Drone x5  
  46  4:31  Lair  
  46  4:34  Drone  
  46  4:35  Drone x7  
  55  4:38  Drone x2  
  56  4:50  Roach  
  56  4:51  Roach x3  
  64  4:55  Baneling Nest  
  64  4:57  Roach  
  65  5:03  Drone x5  
  70  5:10  Drone x4  
  74  5:18  Overlord x3  
  74  5:28  Extractor x2  
  74  5:29  Hatchery  
  74  5:34  Drone x3  
  74  5:38  Spore Crawler, Drone, Extractor  
  74  5:39  Drone x3  
  74  5:41  Extractor  
  75  5:44  Drone x3  
  75  5:45  Drone x3, Extractor  
  75  5:47  Drone x3  
  83  5:51  Drone x2  
  83  5:53  Drone  
  86  5:58  Centrifugal Hooks  
  86  5:59  Glial Reconstitution  
  86  6:04  Queen  
  86  6:05  Queen  
  86  6:10  Overlord  
  86  6:11  Overlord x3  
  90  6:22  Roach  
  90  6:23  Roach x3  
  98  6:27  Overlord x3, Spire  
  97  6:48  Drone x3  
  97  6:49  Drone x3  
  103  6:55  Zergling x2  
  103  6:56  Zergling x14  
  103  6:57  Roach  
  103  6:58  Roach x6  
  124  7:09  Baneling x6  
  124  7:10  Baneling  
  124  7:19  Overlord x5  
  124  7:24  Drone x6  
  124  7:25  Drone x6  
  136  7:39  Mutalisk  
  136  7:40  Mutalisk x7  
  136  7:42  Mutalisk  
  154  7:55  Evolution Chamber  
  154  7:56  Evolution Chamber x2  
  154  7:57  Infestation Pit  
  150  7:58  Hydralisk Den  
  150  7:59  Roach x6  
  161  8:17  Baneling  
  161  8:18  Baneling x5  
  161  8:19  Baneling x2  
  161  8:21  Roach  
  161  8:22  Roach x8  
  179  8:27  Hydralisk x2  
  179  8:28  Hydralisk x4  
  179  8:31  Muscular Augments  
  191  8:35  Roach  
  191  8:36  Roach x3  
  199  8:45  Hive  
  199  9:08  Microbial Shroud  
  199  9:11  Burrow  
  199  9:19  Hatchery x2, Extractor  
  199  9:20  Extractor  
  199  9:21  Extractor  
  199  9:22  Extractor  
  193  9:29  Drone x3  
  193  9:30  Drone x3  
  199  9:32  Drone  
Show
View Real Time Build Order
Export as new Build Order

A.I.(極簡單) Terran 

Build Orders:  

Get SALT Encoding   

  12  0:00  SCV  
  13  0:13  SCV  
  14  0:18  Supply Depot  
  14  0:36  Refinery  
  14  0:42  Barracks  
  14  1:04  Supply Depot  
  14  1:11  Refinery  
  14  1:29  Marine, Orbital Command  
  15  1:56  SCV  
  16  2:08  SCV  
  17  2:14  Barracks Tech Lab  
  17  2:20  SCV  
  18  2:32  SCV, Marauder  
  21  2:44  SCV  
  22  2:56  SCV  
  23  3:16  Marine  
  24  4:11  SCV  
  24  5:37  SCV  
  24  6:35  SCV  
  24  6:36  Marine  
  24  6:38  Supply Depot  
  26  6:41  Factory  
  26  6:43  Command Center  
  26  6:47  SCV  
  27  7:00  SCV  
  28  7:02  Supply Depot  
  24  7:09  Marine  
  24  7:12  SCV  
  26  7:30  Starport  
  26  7:36  SCV  
  26  7:42  Marine  
  27  7:55  SCV  
  28  7:58  Refinery  
  28  8:03  SCV  
  29  8:06  Refinery, Starport Tech Lab  
  29  8:10  SCV  
  30  8:14  Marine  
  30  8:17  SCV  
  32  8:24  SCV  
  32  8:25  Raven  
  35  8:32  SCV  
  35  8:39  SCV  
  31  8:44  Hellion  
  31  8:46  SCV  
  32  8:53  SCV  
  33  9:00  Raven  
  33  9:01  SCV  
  35  9:09  SCV  
  36  9:12  Marine  
  36  9:16  SCV  
  37  9:24  SCV  
  38  9:31  SCV  
  39  9:38  SCV  
  39  9:41  Marine  
  41  9:46  SCV  
  36  9:53  SCV  
  21  10:05  SCV  
Tags
 
League
Platinum
Matchup
TvZ
Spawn Locations
Cross Positions
Add a new tag
Caveats
  • Supply blocks, unpowered buildings, or Contaminate may cause inaccurate times.
  • Supply counts are checked every 10 seconds.